 Dungeon Crawl Stone Soup version 0.22-a0-402-ga933591 (webtiles) character file.

61902 KristoblXynda the Grappler (level 14, -5/127 HPs)
             Began as a Troll Wizard on May 7, 2018.
             Was a High Priest of Ashenzari.
             Slain by a polar bear (13 damage)
             ... on level 6 of the Lair of Beasts.
             The game lasted 01:13:01 (21341 turns).

KristoblXynda the Grappler (Troll Wizard)          Turns: 21341, Time: 01:13:01

Health: -5/127     AC: 12    Str: 28    XL:     14   Next: 62%
Magic:  18/20      EV: 13    Int: 19    God:    Ashenzari [*****.]
Gold:   1811       SH:  0    Dex:  8    Spells: 10/22 levels left

rFire    . . .     SeeInvis +     - Unarmed
rCold    + + .     Gourm    +   (no shield)
rNeg     . . .     Faith    .   P - +1 troll leather armour (curse)
rPois    +         Spirit   .   E - +0 hat {MR+} (curse)
rElec    .         Reflect  .   y - +1 cloak {+Inv} (curse)
rCorr    .         Harm     .   (gloves unavailable)
MR       ++++.     Clarity  +   (boots unavailable)
Stlth    ++........             K - amulet of regeneration (curse)
HPRegen  1.51/turn              L - ring of the Mage {Wiz MR++ Int+3} (curse)
MPRegen  0.17/turn              a - ring of Domororch {*Corrode +Fly rC+ Str+10} (curse)

@: no status effects
A: large, unfitting armour, claws 3, icy blue scales 1, cold resistance 1, dopey
1, fast metabolism 3, gourmand, poison resistance, regeneration 1, shaggy fur 1,
tough skin 2
a: Curse Item, Scrying, Transfer Knowledge, Renounce Religion, Evoke
Invisibility, Evoke Flight


You were on level 6 of the Lair of Beasts.
You worshipped Ashenzari.
Ashenzari was extremely pleased with you.
You were very full.

You visited 4 branches of the dungeon, and saw 22 of its levels.
You also visited: Labyrinth, Sewer, Ossuary, Bailey and Ice Cave.

You collected 2991 gold pieces.
You spent 1180 gold pieces at shops.

Inventory:

Hand Weapons
 v - a +4 whip of flaming
Missiles
 Q - 2 throwing nets (quivered)
Armour
 y - a cursed +1 cloak of invisibility (worn)
 E - a cursed +0 hat of magic resistance (worn)
 F - a cursed +1 hat of see invisible
 P - a cursed +1 troll leather armour (worn)
 T - +0 swamp dragon scales
Jewellery
 a - the cursed ring of Domororch (right claw) {*Corrode +Fly rC+ Str+10}
   (You found it on level 5 of the Dungeon)

   [ring of flight]

   It affects your strength (+10).
   It protects you from cold.
   It lets you fly.
   It may corrode you when you take damage.
   It has a curse placed upon it.
 c - an uncursed ring of resist corrosion
 l - an uncursed ring of protection from magic
 I - an uncursed ring of stealth
 K - a cursed amulet of regeneration (around neck)
 L - the cursed ring of the Mage (left claw) {Wiz MR++ Int+3}
   (You bought it in a shop on level 11 of the Dungeon)

   [ring of wizardry]

   It improves your spell success rate.
   It affects your intelligence (+3).
   It affects your resistance to hostile enchantments.
   It has a curse placed upon it.
 X - an uncursed ring of protection from fire
 Y - an uncursed ring of wizardry
Wands
 p - a wand of paralysis (37)
 u - a wand of digging (28)
 G - a wand of disintegration (5)
 R - a wand of acid (6)
Scrolls
 b - 3 scrolls of magic mapping
 e - 8 scrolls of teleportation
 h - 2 scrolls of blinking
 i - a scroll of silence
 k - 7 scrolls of remove curse
 m - 5 scrolls of immolation
 o - 2 scrolls of identify
 q - a scroll of holy word
 J - a scroll of amnesia
 N - a scroll of brand weapon
 V - a scroll of enchant weapon
 W - a scroll of enchant armour
Potions
 f - a potion of resistance
 g - 3 potions of brilliance
 j - 3 potions of heal wounds
 r - 2 potions of mutation
 s - 2 potions of invisibility
 w - 5 potions of curing
 x - a potion of cancellation
 z - 7 potions of flight
 A - 2 potions of magic
 B - 7 potions of lignification
 C - a potion of might
 D - 5 potions of haste
 M - 2 potions of berserk rage
 O - a potion of agility
Miscellaneous
 t - a box of beasts
 H - a crystal ball of energy
 S - a lightning rod (4/4)
 U - a fan of gales
Comestibles
 d - 40 rations
 Z - 13 chunks of flesh


   Skills:
 - Level 5.2 Fighting
 + Level 3.4 Armour
 + Level 5.9(9.9) Dodging
 - Level 1.0(3.2) Stealth
 + Level 14.4 Unarmed Combat
 + Level 4.7 Spellcasting
 - Level 13.7(17.3) Conjurations
   Level 0.6(2.4) Summonings
   Level 0.6(2.4) Translocations
 - Level 6.1(10.1) Evocations


You had 10 spell levels left.
You knew the following spells:

 Your Spells              Type           Power        Failure   Level  Hunger
a - Magic Dart            Conj           ####         0%          1    None
b - Mephitic Cloud        Conj/Pois/Air  ####....     1%          3    ##.....
c - Conjure Flame         Conj/Fire      #####...     1%          3    ##.....
d - Fireball              Conj/Fire      #####.....   4%          5    ######.


Dungeon Overview and Level Annotations

Branches:
Dungeon (14/15)            Temple (1/1) D:6            Lair (6/6) D:9
  Swamp (0/4) Lair:3       Spider (0/4) Lair:3        Slime (0/5) Lair:5
    Orc (1/2) D:12
 Vaults: D:13-14

Altars:
Ashenzari
Cheibriados
Dithmenos
Elyvilon
Fedhas
Gozag
Hepliaklqana
Kikubaaqudgha
Makhleb
Nemelex Xobeh
Okawaru
Qazlal
Ru
Sif Muna
Trog
Uskayaw
Vehumet
Wu Jian
Xom
Yredelemnul
Zin
The Shining One
Jiyva

Shops:
D:4 *   D:7 !   D:8 *   D:11 =

Annotations:
D:11 2 runed doors, exclusion: orange crystal statue
D:14 Louise
Lair:5 1 runed door


Innate Abilities, Weirdness & Mutations

You are too large for most types of armour.
You have claws for hands.
Your metabolism is lightning-fast.
You like to eat raw meat.
Your natural rate of healing is unusually fast.
You are covered in fur. (AC +1)
You have very tough skin. (AC +2)
You are partially covered in icy blue scales. (AC +2)
Your flesh is cold resistant. (rC+)
You are dopey. (Int -2)
Your system is resistant to poisons. (rPois)


Message History

The polar bear claws you but does no damage. x2
You eviscerate the polar bear!!!
You kill the polar bear!
The raiju bursts into living lightning!
The living lightning hits you!
* * * LOW HITPOINT WARNING * * *
The raiju blinks!
You claw the polar bear!
The polar bear is lightly wounded.
The polar bear barely misses you.
The polar bear claws you but does no damage.
The polar bear closely misses you.
The raiju bursts into living lightning!
The living lightning hits you!
* * * LOW HITPOINT WARNING * * *
The living lightning hits you!
* * * LOW HITPOINT WARNING * * *
The raiju blinks!
The polar bear bites you!
You die...

..†..÷÷...### # , ,{,*
.....÷...## ##. ,,,
.#...#.### *.. , *
###.#### *.%,, ## ######
#### *.# #.#
#.#..######..# *.#.##
......#.#.#..######...##
.......#÷.....##h...†..##
....÷...†.÷...#.@hh.†...#*
....##.....##.†..##......#
.#.##.#.....##...###....##
########..####.### #...#
#.## ### %..# ### *####


You could see a polar bear, a raiju and a black bear.

Vanquished Creatures
  Gastronok (Lair:1)
  A minotaur (Lab)
  2 ice dragons (IceCv)
  Harold (Lair:2)
  Erolcha (D:9)
  2 centaur warriors
  4 hydras
  5 two-headed ogres
  2 death yaks (Lair:2)
  4 tengu warriors
  A fire crab (Lair:6)
  A swamp dragon (Lair:3)
  Pikel (D:4)
  An orc knight (Bailey)
  A cyclops (D:12)
  An ugly thing (D:13)
  A steam dragon (D:9)
  Joseph (D:9)
  7 black mambas
  2 ice statues (IceCv)
  A torpor snail (Lair:2)
  3 komodo dragons
  8 spiny frogs
  3 rime drakes
  2 ice devils (Lair:5)
  9 polar bears
  A tengu conjurer (D:13)
  A jumping spider (shapeshifter) (D:10)
  8 blink frogs
  Grinder (D:3)
  4 trolls
  9 slime creatures
  A meliai zombie (D:12)
  10 hippogriffs
  A shadow (D:13)
  A wraith (D:12)
  The ghost of Kairos the Shield-Bearer, an amateur VSFi of Okawaru (D:4)
  3 wyverns
  49 yaks
  A wyvern (shapeshifter) (D:13)
  4 hogs (D:7)
  A human (D:7)
  Sigmund (D:2)
  3 basilisks
  3 wargs (Lair:6)
  7 water moccasins
  7 porcupines
  16 hell hounds (Lair:6)
  A slave (D:4)
  8 orc warriors
  19 ice beasts
  6 black bears
  A necrophage (D:9)
  5 sky beasts
  3 phantoms
  A hornet zombie (D:13)
  24 wolves
  15 centaurs
  7 ogres
  4 big kobolds
  8 crocodiles
  15 bullfrogs
  A wyvern zombie (D:12)
  5 scorpions
  16 killer bees
  25 wights
  3 electric eels (Lair:4)
  6 crimson imps
  A bullfrog zombie (D:5)
  3 centaur zombies
  4 quasits
  13 orc priests
  3 hounds
  2 jellies (D:13)
  2 human zombies (Ossuary)
  3 centaur skeletons
  A gnoll shaman (Temple)
  Crazy Yiuf (D:2)
  A bullfrog skeleton (D:12)
  3 iguanas
  24 orc wizards
  Natasha (thrice) (D:4)
  6 worker ants
  Terence (D:2)
  3 hound skeletons
  4 mummies (Ossuary)
  Robin (D:3)
  A howler monkey zombie (D:8)
  3 gnolls (D:6)
  7 adders
  2 river rats
  2 shadow imps
  2 oozes (D:1)
  5 worms
  11 dart slugs
  2 leopard geckos (D:3)
  74 orcs
  8 bats
  10 giant cockroaches
  22 goblins
  10 hobgoblins
  16 jackals
  6 quokkas
  A ball python (D:5)
  2 frilled lizards
  A goblin zombie (Ossuary)
  37 kobolds
  3 kobold zombies (Ossuary)
  2 orc zombies (Ossuary)
  11 rats
  A plant (Lair:4)
690 creatures vanquished.

Vanquished Creatures (collateral kills)
  Maurice (D:9)
  A slime creature (D:13)
  A killer bee (D:8)
3 creatures vanquished.

Vanquished Creatures (others)
  A hornet (D:8)
  2 slime creatures
  A killer bee (D:8)
  A goblin (D:3)
  8 fungi
  16 plants
29 creatures vanquished.

Grand Total: 722 creatures vanquished

Notes
Turn   | Place    | Note
-------+----------+-------------------------------------------
     0 | D:1      | KristoblXynda the Troll Wizard began the quest for the Orb.
     0 | D:1      | Reached XP level 1. HP: 16/16 MP: 2/2
   104 | D:1      | Reached skill level 1 in Conjurations
   107 | D:1      | Reached skill level 1 in Unarmed Combat
   113 | D:1      | Reached XP level 2. HP: 23/24 MP: 4/4
   239 | D:1      | Reached XP level 3. HP: 26/31 MP: 5/5
   458 | D:1      | Reached skill level 2 in Unarmed Combat
   719 | D:2      | Noticed Terence
   730 | D:2      | Killed Terence
   730 | D:2      | Reached XP level 4. HP: 29/39 MP: 6/6
   796 | D:2      | Reached skill level 3 in Unarmed Combat
  1063 | D:2      | Found a runed door.
  1067 | D:2      | Noticed Crazy Yiuf
  1072 | D:2      | Killed Crazy Yiuf
  1072 | D:2      | Reached XP level 5. HP: 30/45 MP: 5/7
  1184 | D:2      | Noticed Sigmund
  1213 | D:2      | Killed Sigmund
  1213 | D:2      | Reached skill level 4 in Unarmed Combat
  1213 | D:2      | Reached XP level 6. HP: 21/53 MP: 8/8
  1633 | D:3      | Noticed Grinder
  1652 | D:3      | Killed Grinder
  1752 | D:3      | Reached skill level 5 in Unarmed Combat
  1789 | D:3      | Noticed Robin
  1993 | D:3      | Reached XP level 7. HP: 59/59 MP: 9/9
  2150 | D:3      | Killed Robin
  2603 | D:4      | Noticed Kairos's ghost (amateur VSFi)
  2735 | D:3      | Reached skill level 6 in Unarmed Combat
  3060 | D:4      | Noticed Pikel
  3079 | D:4      | Killed Pikel
  3079 | D:4      | Reached skill level 7 in Unarmed Combat
  3079 | D:4      | Reached skill level 5 in Conjurations
  3079 | D:4      | Reached XP level 8. HP: 67/67 MP: 10/10
  3135 | D:4      | Killed Kairos's ghost
  3198 | D:4      | Noticed Natasha
  3207 | D:4      | Killed Natasha
  3249 | D:4      | Found Ofisairor's Assorted Antiques.
  3280 | D:4      | Noticed Natasha
  3290 | D:4      | Killed Natasha
  3359 | D:4      | Noticed Natasha
  3365 | D:4      | Killed Natasha
  3387 | D:5      | Entered Level 5 of the Dungeon
  3400 | D:5      | Learned a level 3 spell: Mephitic Cloud
  3564 | D:5      | Reached skill level 8 in Unarmed Combat
  3696 | D:5      | Got a scorched amber ring
  3838 | D:5      | Found a glowing drain.
  3882 | Sewer    | Entered a sewer
  3898 | Sewer    | Identified the ring of Domororch {*Corrode +Fly rC+ Str+10} (You found it on level 5 of the Dungeon)
  3944 | Sewer    | Reached XP level 9. HP: 66/74 MP: 11/11
  3966 | Sewer    | Found a glowing silver altar of Zin.
  4269 | D:6      | Reached skill level 9 in Unarmed Combat
  4470 | D:6      | Found a staircase to the Ecumenical Temple.
  4479 | Temple   | Entered the Ecumenical Temple
  4511 | Temple   | Became a worshipper of Ashenzari the Shackled
  5545 | D:7      | Reached skill level 10 in Unarmed Combat
  5638 | D:7      | Found Ulemestro's Distillery.
  5675 | D:7      | Found a sand-covered staircase.
  5752 | Ossuary  | Entered an ossuary
  6129 | D:7      | Reached XP level 10. HP: 46/81 MP: 12/12
  6209 | D:7      | Reached skill level 1 in Evocations
  6955 | D:8      | Gained mutation: You are weak. (Str -2) [potion of mutation]
  6955 | D:8      | Gained mutation: You have an increased reservoir of magic. (+10% MP) [potion of mutation]
  6956 | D:8      | Lost mutation: You have an increased reservoir of magic. (+10% MP) [potion of mutation]
  6956 | D:8      | Lost mutation: You are weak. (Str -2) [potion of mutation]
  6956 | D:8      | Gained mutation: Your spells are a little harder to cast, but a little more powerful. [potion of mutation]
  6956 | D:8      | Gained mutation: You are covered in thick fur. (AC +2) [potion of mutation]
  6957 | D:8      | Lost mutation: Your spells are a little harder to cast, but a little more powerful. [potion of mutation]
  6957 | D:8      | Lost mutation: You are covered in thick fur. (AC +2) [potion of mutation]
  6957 | D:8      | Gained mutation: Your body sometimes deteriorates upon taking damage. [potion of mutation]
  6957 | D:8      | Gained mutation: You expend magic power (3 MP) to strengthen your wands. [potion of mutation]
  6957 | D:8      | Gained mutation: Your spells are a little harder to cast, but a little more powerful. [potion of mutation]
  6957 | D:8      | Gained mutation: Your spells are harder to cast, but more powerful. [potion of mutation]
  6958 | D:8      | Lost mutation: You expend magic power (3 MP) to strengthen your wands. [potion of mutation]
  6958 | D:8      | Lost mutation: Your body sometimes deteriorates upon taking damage. [potion of mutation]
  6958 | D:8      | Lost mutation: Your spells are harder to cast, but more powerful. [potion of mutation]
  6958 | D:8      | Gained mutation: Your muscles are strong. (Str +2) [potion of mutation]
  6959 | D:8      | Lost mutation: Your muscles are strong. (Str +2) [potion of mutation]
  6959 | D:8      | Lost mutation: Your spells are a little harder to cast, but a little more powerful. [potion of mutation]
  6959 | D:8      | Gained mutation: Scrolls take you a little longer to read. [potion of mutation]
  6959 | D:8      | Gained mutation: You have a pair of small antennae on your head. [potion of mutation]
  6959 | D:8      | Gained mutation: You tend to lose your temper in combat. [potion of mutation]
  6959 | D:8      | Gained mutation: You are partially covered in slimy green scales. (AC +2) [potion of mutation]
  6989 | D:8      | Noticed a two-headed ogre
  7000 | D:8      | Killed a two-headed ogre
  7186 | D:8      | Noticed a two-headed ogre
  7197 | D:8      | Killed a two-headed ogre
  7441 | D:8      | Noticed a two-headed ogre
  7454 | D:8      | Killed a two-headed ogre
  7454 | D:8      | Reached skill level 11 in Unarmed Combat
  7454 | D:8      | Reached XP level 11. HP: 52/88 MP: 6/13
  7567 | D:8      | Found Cenley's Assorted Antiques.
  7866 | D:9      | Learned a level 3 spell: Conjure Flame
  7883 | D:9      | Found a shadowy altar of Dithmenos.
  7912 | D:9      | Noticed Joseph
  7955 | D:9      | Killed Joseph
  8034 | D:9      | Found a glowing golden altar of the Shining One.
  8185 | D:9      | Identified a scroll of acquirement
  8237 | D:9      | Reached * piety under Ashenzari
  8308 | D:9      | Lost mutation: You have a pair of small antennae on your head. [potion of mutation]
  8308 | D:9      | Lost mutation: You tend to lose your temper in combat. [potion of mutation]
  8308 | D:9      | Lost mutation: Scrolls take you a little longer to read. [potion of mutation]
  8308 | D:9      | Lost mutation: You are partially covered in slimy green scales. (AC +2) [potion of mutation]
  8308 | D:9      | Gained mutation: You occasionally shout uncontrollably at your foes. [potion of mutation]
  8308 | D:9      | Gained mutation: You are surrounded by a mild repulsion field. (EV +2) [potion of mutation]
  8309 | D:9      | Lost mutation: You occasionally shout uncontrollably at your foes. [potion of mutation]
  8309 | D:9      | Lost mutation: You are surrounded by a mild repulsion field. (EV +2) [potion of mutation]
  8309 | D:9      | Gained mutation: You are partially covered in icy blue scales. (AC +2) [potion of mutation]
  8309 | D:9      | Gained mutation: Your system is resistant to poisons. (rPois) [potion of mutation]
  8309 | D:9      | Gained mutation: You are dopey. (Int -2) [potion of mutation]
  8309 | D:9      | Gained mutation: Your flesh is cold resistant. (rC+) [potion of mutation]
  8376 | D:9      | Noticed Erolcha
  8381 | D:9      | Noticed a two-headed ogre
  8382 | D:9      | Noticed Maurice
  8403 | D:9      | Killed a two-headed ogre
  8412 | D:9      | Killed Maurice
  8574 | D:9      | Reached skill level 10 in Conjurations
  8634 | D:9      | Found a staircase to the Lair.
  8804 | D:9      | Killed Erolcha
  8933 | D:10     | Entered Level 10 of the Dungeon
  8994 | D:10     | Found a flagged portal.
  9039 | Bailey   | Entered a bailey
  9250 | Bailey   | Noticed an orc knight
  9289 | Bailey   | Killed an orc knight
  9394 | Bailey   | Found an iron altar of Okawaru.
  9959 | D:10     | Noticed a tengu warrior
  9973 | D:10     | Killed a tengu warrior
 10634 | D:11     | Found Onoz's Jewellery Shop.
 10642 | D:11     | Bought a cursed amulet of regeneration for 405 gold pieces
 10642 | D:11     | Bought the ring of the Mage {Wiz MR++ Int+3} for 775 gold pieces
 10642 | D:11     | Found the ring of the Mage {Wiz MR++ Int+3}
 10678 | D:11     | Found a runed door.
 10682 | D:11     | Noticed an orange crystal statue
 10684 | D:11     | Found the +10 large shield of Ignorance {rN+ Int-4}
 10694 | D:11     | Found a runed door.
 10974 | D:11     | Reached ** piety under Ashenzari
 10987 | D:11     | Reached skill level 12 in Unarmed Combat
 10987 | D:11     | Reached skill level 5 in Evocations
 10987 | D:11     | Reached XP level 12. HP: 78/96 MP: 10/14
 11599 | D:12     | Reached skill level 1 in Fighting
 11832 | D:12     | Noticed a two-headed ogre
 11846 | D:12     | Killed a two-headed ogre
 11889 | D:12     | Found a staircase to the Orcish Mines.
 12549 | Orc:1    | Entered Level 1 of the Orcish Mines
 12611 | D:13     | Noticed a tengu warrior
 12619 | D:13     | Killed a tengu warrior
 12653 | D:13     | Found a labyrinth entrance.
 12682 | Lab      | Entered a labyrinth
 13424 | Lab      | Noticed a minotaur
 13434 | Lab      | Killed a minotaur
 13492 | D:13     | Reached *** piety under Ashenzari
 13613 | D:13     | Noticed a centaur warrior
 13642 | D:13     | Killed a centaur warrior
 14254 | D:13     | Noticed a tengu warrior
 14257 | D:13     | Noticed a tengu warrior
 14263 | D:13     | Killed a tengu warrior
 14263 | D:13     | Reached XP level 13. HP: 100/114 MP: 12/15
 14477 | D:13     | Reached skill level 13 in Unarmed Combat
 14806 | D:14     | Noticed Louise
 15008 | Lair:1   | Entered Level 1 of the Lair of Beasts
 15224 | Lair:1   | Noticed Gastronok
 15233 | Lair:1   | Killed Gastronok
 15710 | Lair:2   | Reached skill level 5 in Fighting
 15832 | Lair:2   | Identified the +4 scale mail of Hide-and-Seek {MR+ Regen+ rCorr Int-3}
 15920 | Lair:2   | Noticed Harold
 15930 | Lair:2   | Reached **** piety under Ashenzari
 15944 | Lair:2   | Killed Harold
 16990 | Lair:3   | Found a hole to the Spider Nest.
 17044 | Lair:3   | Found a staircase to the Swamp.
 17336 | Lair:3   | Learned a level 5 spell: Fireball
 17468 | Lair:4   | Reached ***** piety under Ashenzari
 18249 | Lair:4   | Found an ornate altar of the Wu Jian Council.
 18844 | Lair:5   | Found a runed door.
 18845 | Lair:5   | Found a viscous altar of Jiyva.
 18845 | Lair:5   | Found a staircase to the Slime Pits.
 18845 | Lair:5   | Noticed an acid blob
 19006 | Lair:5   | Reached XP level 14. HP: 88/127 MP: 13/18
 19099 | Lair:5   | Found a frozen archway.
 19121 | IceCv    | Entered an ice cave
 20081 | Lair:6   | Entered Level 6 of the Lair of Beasts
 20093 | Lair:6   | Reached skill level 14 in Unarmed Combat
 20106 | Lair:6   | Reached skill level 1 in Armour
 20185 | Lair:6   | Reached skill level 5 in Dodging
 21340 | Lair:6   | HP: 6/127 [raiju/living lightning (15)]
 21341 | Lair:6   | Slain by a polar bear

Vault maps used:
D:1:      wheals_arrival_linesprint
D:2:      cheibrodos_pilgrimage, first_ration, minmay_crystal_water,
          uniq_sigmund, uniq_crazy_yiuf_cottage, uniq_terence
D:3:      grunt_ministairs_3, uniq_robin, uniq_grinder
D:4:      kennysheep_slugbush, serial_shops, nicolae_shop_window_shopping,
          uniq_pikel, uniq_natasha
D:5:      portal_sewer_entry_b
D:6:      minmay_temple_entry_glass, minmay_misc_feat_tower,
          minmay_stone_trees_small, minmay_misc_feat_x
D:7:      serial_shops, kennysheep_little_box,
          nicolae_ossuary_entry_false_entrances, grunt_livestock
D:8:      serial_shops, nicolae_shop_temple_entry_statues_fountains
D:9:      lemuel_doored_altar, lair_entry_dummy, basic_altar, uniq_joseph,
          uniq_erolcha, uniq_maurice
D:10:     minmay_tri_box, enter_bailey_3
D:11:     serial_shops, nicolae_shop_competitors_out_of_business,
          minmay_misc_feat_chi, chequers_guarded_unrand_ignorance
D:12:     hiddenorc2_lemuel
D:13:     lab_entry_generic
D:14:     minmay_blocky_corners, hangedman_vaults_entry_quadrant_bands,
          hex_tiny, grunt_decor_cap, uniq_agnes, uniq_louise, uniq_nessos,
          uniq_urug
Temple:   regret_index_temple_sigil_plot
Lair:1:   st_stairs_8, lemuel_old_faithful, uniq_gastronok
Lair:2:   grunt_megastairs_3, lemuel_fruit_fields, uniq_harold
Lair:3:   minmay_swamp_entry_reptiles, spider_nest_entry_web_field
Lair:4:   basic_altar, infiniplex_staircase_pool, serial_bayou_shore_a
Lair:5:   slime_altar_2, portal_ice_cave_demonic_guard, beast_lair_carwin_11,
          infiniplex_staircase_pool_2
Lair:6:   hangedman_lair_caniforms_friends, hangedman_lair_in_review
Lab:      labyrinth_skeletal_remains
Sewer:    sewer_kobolds
Ossuary:  ossuary_crypta
Bailey:   bailey_axe_3, bailey
IceCv:    ice_cave_small_dragons

Skill      XL: |  1  2  3  4  5  6  7  8  9 10 11 12 13 14 |
---------------+-------------------------------------------+-----
Conjurations   | 1 2 3 5 6 7 9 11 13 | 13.7
Unarmed Combat | 1 2 3 4 5 7 8 10 11 12 13 14 | 14.4
Evocations     | 3 5 6 |  6.1
Fighting       | 4 5 |  5.2
Dodging        | 4 5 |  5.9
Spellcasting   | 3 4 |  4.7
Armour         | 3 |  3.4
Stealth        | |  1.0
Summonings     | |  0.6
Translocations | |  0.6

Action                   |  1- 3 |  4- 6 |  7- 9 | 10-12 | 13-15 || total
-------------------------+-------+-------+-------+-------+-------++-------
Melee: Unarmed           |    90 |   109 |   502 |   839 |   772 ||  2312
       Punch             |       |       |    12 |    47 |    47 ||   106
       Whip              |       |       |       |       |     8 ||     8
Throw: Javelin           |       |     2 |       |       |       ||     2
 Cast: Mephitic Cloud    |       |       |     6 |    43 |    12 ||    61
       Magic Dart        |       |       |       |    14 |       ||    14
       Conjure Flame     |       |       |       |     5 |       ||     5
       Fireball          |       |       |       |       |    13 ||    13
Invok: Curse Item        |       |       |     2 |     2 |     1 ||     5
 Abil: Evoke Flight      |       |       |     1 |       |     1 ||     2
Evoke: Wand              |       |       |     1 |    18 |    21 ||    40
       Fan of gales      |       |       |       |       |     1 ||     1
       Box of beasts     |       |       |       |       |     1 ||     1
  Use: Scroll            |       |     6 |    15 |    14 |     9 ||    44
       Potion            |       |     3 |     2 |    11 |     2 ||    18
 Stab: Sleeping          |     2 |     1 |     3 |     2 |     3 ||    11
       Confused          |       |       |     1 |    18 |     5 ||    24
       Paralysed         |       |       |       |    11 |     4 ||    15
       Distracted        |       |       |       |       |     1 ||     1
  Eat: Chunk             |    12 |    12 |    32 |    86 |    72 ||   214
Armor: Robe              |    48 |    58 |   195 |   219 |       ||   520
       Troll leather arm |       |       |       |   129 |   366 ||   495
Dodge: Dodged            |    38 |    78 |   232 |   362 |   572 ||  1282

Table legend:
 A = Spawn XP
 B = Non-spawn XP
 C = Spawn XP percentage of total XP
 D = Spawn monster count
 E = Non-spawn monster count
 F = Spawn count percentage of total count
 G = Total turns spent on level
                    A         B        C        D         E        F      G
               +---------+---------+-------+---------+---------+-------+---------
         Total |       0 |   88432 |   0.0 |       0 |     693 |   0.0 | 21341
               +---------+---------+-------+---------+---------+-------+---------
           D:1 |       0 |      65 |   0.0 |       0 |      31 |   0.0 |   701
           D:2 |       0 |     366 |   0.0 |       0 |      22 |   0.0 |   860
           D:3 |       0 |     816 |   0.0 |       0 |      39 |   0.0 |  1215
           D:4 |       0 |    1062 |   0.0 |       0 |      27 |   0.0 |   611
           D:5 |       0 |     375 |   0.0 |       0 |      18 |   0.0 |   529
           D:6 |       0 |    2216 |   0.0 |       0 |      37 |   0.0 |  1126
           D:7 |       0 |    2188 |   0.0 |       0 |      27 |   0.0 |   974
           D:8 |       0 |    3792 |   0.0 |       0 |      25 |   0.0 |  1080
           D:9 |       0 |    5700 |   0.0 |       0 |      40 |   0.0 |  1171
          D:10 |       0 |    2327 |   0.0 |       0 |      32 |   0.0 |  1053
          D:11 |       0 |    2429 |   0.0 |       0 |      25 |   0.0 |   953
          D:12 |       0 |    5483 |   0.0 |       0 |      79 |   0.0 |  1200
          D:13 |       0 |   11495 |   0.0 |       0 |      58 |   0.0 |  1454
          D:14 |       0 |    1921 |   0.0 |       0 |      10 |   0.0 |   119
        Temple |       0 |      40 |   0.0 |       0 |       1 |   0.0 |   293
        Lair:1 |       0 |    3332 |   0.0 |       0 |      10 |   0.0 |   621
        Lair:2 |       0 |    8166 |   0.0 |       0 |      22 |   0.0 |  1004
        Lair:3 |       0 |    2790 |   0.0 |       0 |      13 |   0.0 |   721
        Lair:4 |       0 |    3784 |   0.0 |       0 |      16 |   0.0 |  1403
        Lair:5 |       0 |    4262 |   0.0 |       0 |      18 |   0.0 |   749
        Lair:6 |       0 |   18278 |   0.0 |       0 |      86 |   0.0 |  1260
           Lab |       0 |    1231 |   0.0 |       0 |       1 |   0.0 |   761
         Sewer |       0 |     129 |   0.0 |       0 |       8 |   0.0 |   186
       Ossuary |       0 |     158 |   0.0 |       0 |      12 |   0.0 |   223
        Bailey |       0 |    1032 |   0.0 |       0 |      16 |   0.0 |   497
         IceCv |       0 |    4995 |   0.0 |       0 |      20 |   0.0 |   575
               +---------+---------+-------+---------+---------+-------+---------
